 Dungeon Crawl Stone Soup version 0.30-a0-632-g346586fe48 (webtiles) character file.

Game seed: 10112794799684746395

977 pokeman the Thaumaturge (level 7, -7/40 HPs)
             Began as a Deep Elf Hedge Wizard on Jan 13, 2023.
             Mangled by an ice beast (10 damage)
             ... on level 5 of the Dungeon.
             The game lasted 00:11:51 (5736 turns).

pokeman the Thaumaturge (Deep Elf Hedge Wizard)     Turns: 5736, Time: 00:11:51

Health: -7/40      AC: 11    Str:  7    XL:     7   Next: 95%
Magic:  16/21      EV: 13    Int: 21    God:
Gold:   325        SH:  5    Dex: 21    Spells: 15/23 levels left

rFire   . . .      SeeInvis .    k - +3 mace of Doom {protect, *Rage Fly rC- Dex+7}
rCold   x . .      Faith    .    (no shield)
rNeg    . . .      Spirit   .    b - +0 robe
rPois   .          Reflect  +    c - +0 hat
rElec   .          Harm     .    q - +0 cloak
rCorr   .          Rampage  .    (no gloves)
Will    .....      Rage     20%  h - +0 pair of boots
Stlth   +++                      x - amulet of reflection
HPRegen 0.26/turn                (no ring)
MPRegen 0.17/turn                (no ring)

@: under a protective aura, flying
A: no striking features
a: no special abilities


You were on level 5 of the Dungeon.
You visited 1 branch of the dungeon, and saw 5 of its levels.

You collected 325 gold pieces.

Inventory:

Hand Weapons
 k - the +3 mace of Doom (weapon) {protect, *Rage Fly rC- Dex+7}
   (You found it on level 2 of the Dungeon)

   Dex:       It affects your dexterity (+7).
   rC:        It makes you vulnerable to cold.
   Fly:       It grants you flight.
   *Rage:     It berserks you when you make melee attacks (+20% chance).
 v - a +2 whip of venom
Armour
 b - a +0 robe (worn)
 c - a +0 hat (worn)
 h - a +0 pair of boots (worn)
 o - a +1 ring mail of poison resistance
 q - a +0 cloak (worn)
Jewellery
 m - an amulet of the acrobat
 x - an amulet of reflection (around neck)
Wands
 u - a wand of flame (8)
Scrolls
 a - a scroll of poison {unknown}
 g - a scroll of enchant armour {unknown}
 i - 5 scrolls of identify {unknown}
 j - a scroll of enchant weapon {unknown}
 p - 3 scrolls of teleportation {unknown}
 r - a scroll of magic mapping {unknown}
 t - 2 scrolls of amnesia {unknown}
Potions
 d - a potion of magic
 e - 3 potions of curing {unknown}
 f - 4 potions of heal wounds
 l - 2 potions of degeneration {unknown}
 n - 3 potions of mutation {unknown}
 s - a potion of resistance {unknown}
 w - a potion of haste {unknown}


   Skills:
 - Level 2.0 Fighting
 + Level 2.0 Armour
 - Level 3.0 Dodging
 - Level 3.1 Stealth
 * Level 8.8 Spellcasting
 + Level 4.4 Conjurations
 + Level 1.1 Summonings
 - Level 1.1 Translocations
 - Level 3.0 Air Magic
 - Level 1.0 Poison Magic


You had 15 spell levels left.
You knew the following spells:

 Your Spells              Type           Power      Damage    Failure   Level
a - Magic Dart            Conj           100%       1d8       1%          1
b - Mephitic Cloud        Conj/Pois/Air  21%        N/A       7%          3
c - Call Imp              Summ           13%        N/A       7%          2
d - Blink                 Tloc           26%        N/A       7%          2

Your spell library contained the following spells:

 Spells                   Type           Power      Damage    Failure   Level
 Cigotuvi's Dreadful Rot  Necr/Pois/Air  30%        N/A       6%          2
 Slow                     Hex            36%        N/A       8%          1
 Dazzling Flash           Conj/Hex       36%        N/A       9%          3
 Airstrike                Air            11%        2d(2-18)  22%         4
 Summon Lightning Spire   Summ/Air       17%        N/A       30%         4
 Lightning Bolt           Conj/Air       12%        1d26      41%         5
 Silence                  Hex/Air        7%         N/A       73%         5
 Agony                    Necr           9%         N/A       90%         5


Dungeon Overview and Level Annotations

Branches:
Dungeon (5/15)
 Temple: D:4-7

Altars:
Fedhas
Gozag
Hepliaklqana
Qazlal
Sif Muna
Xom
Zin


Message History

Your white imp hits the black bear.
Your white imp freezes the black bear.
A scorpion comes into view.
The ice beast barely misses your white imp.
Your white imp hits the black bear but does no damage.
The ice beast misses your white imp.
Your white imp hits the black bear.
Your white imp freezes the black bear.
The black bear bites your white imp.
The black bear closely misses your white imp.
The black bear claws your white imp.
Your white imp is killed!
Your white imp disappears in a puff of smoke!
Casting: Call Imp (safe; 7% risk of failure)
Confirm with . or Enter, or press ? or * to list all spells.
A beastly little devil appears in a puff of flame.
The ice beast hits you. The ice beast freezes you!
You feel a terrible chill!
Your crimson imp hits the ice beast but does no damage.
You hit the ice beast but do no damage.
Your weapon exudes an aura of protection.
You block the ice beast's attack.
Your crimson imp hits the ice beast.
The ice beast hits you but does no damage.
You hit the ice beast.
The ice beast is lightly wounded.
Your crimson imp misses the ice beast.
The ice beast closely misses you.
You hit the ice beast but do no damage.
The ice beast is lightly wounded.
Your crimson imp misses the ice beast.
The ice beast closely misses you.
Your crimson imp hits the ice beast.
You barely miss the ice beast.
The ice beast is lightly wounded.
The ice beast hits you. The ice beast freezes you!!
You feel a terrible chill!
* * * LOW HITPOINT WARNING * * *
Your crimson imp closely misses the ice beast.
You block the ice beast's attack.
You hit the ice beast.
The ice beast is moderately wounded.
Your crimson imp closely misses the ice beast.
The ice beast hits you.
* * * LOW HITPOINT WARNING * * *
The ice beast freezes you!
You feel a terrible chill!
You die...

#....... #.#../..#
#.h...# ##.# #h.#
#s## #.#
#.######.####.#.#
#.....5Y#.....#.#
#
########@######.#
.# #.# #.# ###.
#.# #.# #.. #.#
#.# #.# #.#
##.####.##
#.#####........#
#...........#..###
#######.###.......
#.# #.......


You could see an ice beast (ally target) and a friendly crimson imp (summoned).

Vanquished Creatures
  2 black bears (D:4)
  An ogre (D:4)
  A bullfrog (D:3)
  A scorpion (D:3)
  4 hounds
  An orc priest (D:4)
  2 orc wizards (D:4)
  A scorpion zombie (D:3)
  Ijyb (D:3)
  An iguana (D:4)
  3 hound zombies (D:3)
  5 adders
  3 gnolls
  A shadow imp (D:4)
  2 white imps
  3 ufetubi (D:4)
  4 adder zombies (D:3)
  2 worms
  5 dart slugs
  8 orcs
  10 endoplasms
  8 giant cockroaches
  7 goblins
  5 hobgoblins
  14 jackals
  5 quokkas
  10 ball pythons
  5 bats
  5 frilled lizards (D:1)
  10 kobolds
  A quokka skeleton (D:3)
  6 rats
137 creatures vanquished.

Vanquished Creatures (collateral kills)
  A worm (D:2)
  An endoplasm (D:2)
  A jackal (D:2)
3 creatures vanquished.

Vanquished Creatures (others)
  2 goblins (D:4)
  7 demonic plants (D:4)
  A plant (D:4)
  A withered plant (D:3)
11 creatures vanquished.

Grand Total: 151 creatures vanquished

Notes
Turn   | Place    | Note
-------+----------+-------------------------------------------
     0 | D:1      | pokeman the Deep Elf Hedge Wizard began the quest for the
                  | Orb.
     0 | D:1      | Reached XP level 1. HP: 10/10 MP: 7/7
   315 | D:1      | Reached XP level 2. HP: 14/16 MP: 2/9
   733 | D:1      | Reached skill level 5 in Spellcasting
   933 | D:1      | Reached XP level 3. HP: 20/20 MP: 6/11
   937 | D:1      | Learned a level 3 spell: Mephitic Cloud
   940 | D:1      | Learned a level 2 spell: Call Imp
   943 | D:1      | Learned a level 2 spell: Blink
  1224 | D:1      | Reached skill level 1 in Armour
  1486 | D:1      | Reached skill level 1 in Fighting
  1861 | D:2      | Identified the +1 robe "Tosuhoh" {-Tele Harm rN+ Dex+4}
  1889 | D:2      | Found a faded altar of an unknown god.
  2080 | D:2      | Identified the +3 mace of Doom {protect, *Rage Fly rC-
                  | Dex+7}
  2099 | D:2      | Reached XP level 4. HP: 23/25 MP: 2/13
  2898 | D:3      | Found a shimmering blue altar of Sif Muna.
  2977 | D:3      | Noticed a bullfrog
  2986 | D:3      | Killed a bullfrog
  2987 | D:3      | Reached skill level 6 in Spellcasting
  2987 | D:3      | Reached XP level 5. HP: 26/29 MP: 5/15
  3234 | D:3      | Reached skill level 1 in Poison Magic
  3234 | D:3      | Reached XP level 6. HP: 34/34 MP: 12/17
  3237 | D:3      | Reached skill level 1 in Air Magic
  3347 | D:3      | Reached skill level 7 in Spellcasting
  3405 | D:3      | Found a stormy altar of Qazlal.
  3409 | D:3      | Noticed an air elemental
  3489 | D:3      | Noticed a water elemental
  3490 | D:3      | Noticed a fire elemental
  3652 | D:3      | Found an opulent altar of Gozag.
  3929 | D:3      | Noticed Ijyb
  3945 | D:3      | Killed Ijyb
  4144 | D:4      | Found a hazy altar of Hepliaklqana.
  4480 | D:4      | Reached XP level 7. HP: 5/39 MP: 1/20
  5040 | D:4      | Reached skill level 8 in Spellcasting
  5282 | D:4      | Found a shimmering altar of Xom.
  5290 | D:4      | You are sucked into a shaft and drop 1 floor!
  5290 | D:5      | Entered Level 5 of the Dungeon
  5361 | D:4      | Found a blossoming altar of Fedhas.
  5369 | D:4      | Found a glowing silver altar of Zin.
  5736 | D:5      | Mangled by an ice beast

Illustrated notes

Levels and vault maps discovered:
D:1:      dpeg_arrival_concentric_ovals, layout_basic, minmay_misc_feat_doors,
          minmay_domino_4
D:2:      layout_rooms, basic_ecumenical_altar
D:3:      layout_loops_corners, nicolae_gozag_seed_capital,
          nicolae_qazlal_style_of_elements, amcnicky_altar_gilded,
          serial_undead, serial_undead_a, serial_undead_c, serial_undead_d,
          serial_undead_b, uniq_ijyb
D:4:      layout_gridville, xom_confusion_cloud, kennysheep_mini,
          mainiacjoe_overflow_big_doors, serial_demonic, serial_demonic_g,
          serial_demonic_g, serial_demonic_g, serial_demonic_e
D:5:      layout_loops_ring, temple_hall, uniq_duvessa

Skill      XL: |  1  2  3  4  5  6  7 |
---------------+----------------------+-----
Spellcasting   | 5 6 7 8 |  8.8
Armour         | 1 2 |  2.0
Fighting       | 1 2 |  2.0
Conjurations   | 2 3 4 |  4.4
Dodging        | 3 |  3.0
Stealth        | 3 |  3.1
Poison Magic   | 1 |  1.0
Air Magic      | 1 3 |  3.0
Summonings     | |  1.1
Translocations | |  1.1

Action                   |  1- 3 |  4- 6 |  7- 9 || total
-------------------------+-------+-------+-------++-------
Melee: Dagger            |    41 |       |       ||    41
       Mace              |     4 |    74 |    23 ||   101
       Punch             |     1 |     1 |     1 ||     3
 Cast: Magic Dart        |   122 |   126 |    96 ||   344
       Call Imp          |     2 |       |     2 ||     4
       Mephitic Cloud    |       |     7 |     5 ||    12
       Blink             |       |     1 |       ||     1
 Stab: Confused          |       |     4 |     2 ||     6
       Sleeping          |       |     1 |     1 ||     2
Armor: Robe              |    16 |    38 |    15 ||    69
Dodge: Dodged            |    55 |    89 |    23 ||   167
Block: Other             |       |       |     2 ||     2

Table legend: (Time is in decaauts)
 A = Elapsed time spent in this place.
 B = Non-inter-level travel time spent in this place.
 C = Inter-level travel time spent in this place.
 D = Time resting spent in this place.
 E = Time spent auto-exploring this place.
 F = Levels seen in this place.
 G = Mean time per level.
                   A        B        C        D        E       F      G
               +--------+--------+--------+--------+--------+-----+--------+
         Total |   5848 |   5706 |    142 |    451 |   4279 |   5 | 1169.6 |
       Dungeon |   5848 |   5706 |    142 |    451 |   4279 |   5 | 1169.6 |
               +--------+--------+--------+--------+--------+-----+--------+

Top non-repeatable levels by time:
     D:1: 1798 daAuts
     D:3: 1569 daAuts
     D:4: 1391 daAuts
     D:2: 984 daAuts
     D:5: 105 daAuts
